 Dungeon Crawl Stone Soup version 0.21-a0-215-g0631661 (webtiles) character file.

18400 KristoblXynda the Cleaver (level 12, -7/96 HPs)
             Began as a Hill Orc Fighter on Aug 22, 2017.
             Was a Follower of Beogh (penitent).
             Engulfed by a cloud of flame (11 damage)
             ... on level 2 of the Orcish Mines.
             The game lasted 00:32:46 (14600 turns).

KristoblXynda the Cleaver (Hill Orc Fighter)       Turns: 14600, Time: 00:32:46

Health: -7/96      AC: 16    Str: 21    XL:     12   Next: 58%
Magic:  20/20      EV:  8    Int: 16    God:    Beogh [*]
Gold:   919        SH: 12    Dex: 10    Spells: 11/11 levels left

rFire    + . .     SeeInvis .   d - +2 war axe (drain)
rCold    + . .     Gourm    .   c - +0 shield
rNeg     . . .     Faith    .   e - +1 chain mail
rPois    +         Spirit   .   (no helmet)
rElec    +         Reflect  .   (no cloak)
rCorr    +         Harm     .   b - +0 pair of gloves
MR       +....                  g - +0 pair of boots
Stlth    ..........             r - amulet of rage
HPRegen  0.26/turn              t - ring of protection from magic
MPRegen  0.17/turn              (no ring)

@: brilliant, resistant
A: no striking features
a: Renounce Religion, Evoke Berserk Rage


You were on level 2 of the Orcish Mines.
You worshipped Beogh.
Beogh was demanding penance.
You were not hungry.

You visited 3 branches of the dungeon, and saw 12 of its levels.
You also visited: Bailey.

You collected 919 gold pieces.

Inventory:

Hand Weapons
 d - a +2 war axe of draining (weapon)
 p - a +1 whip of freezing
 q - a +1 executioner's axe of draining
Missiles
 h - 6 javelins (quivered)
 z - a throwing net
Armour
 b - a +0 pair of gloves (worn)
 c - a +0 shield (worn)
 e - a +1 chain mail (worn)
 g - a +0 pair of boots (worn)
Jewellery
 r - an amulet of rage (around neck)
 t - a ring of protection from magic (left hand)
Wands
 v - a wand of acid (0/15)
Scrolls
 j - a scroll of teleportation
 k - a scroll of remove curse
 o - 3 scrolls of amnesia
Potions
 l - a potion of cancellation
 n - a potion of resistance
 s - a potion of flight
 x - 2 potions of mutation
 C - a potion of brilliance
Miscellaneous
 u - a phantom mirror
Comestibles
 f - 9 bread rations
 i - 3 meat rations


   Skills:
 - Level 6.2 Fighting
 - Level 12.0 Axes
 - Level 4.2 Throwing
 - Level 11.0 Armour
 + Level 2.5 Dodging
 + Level 11.5 Shields
 - Level 10.7 Invocations
 + Level 3.7 Evocations


You had 11 spell levels left.
You didn't know any spells.

Dungeon Overview and Level Annotations

Branches:
Dungeon (9/15)             Temple (1/1) D:5             Orc (2/2) D:9
   Lair: D:8-11         Elf: Orc:2

Altars:
Ashenzari
Cheibriados
Dithmenos
Elyvilon
Fedhas
Gozag
Hepliaklqana
Kikubaaqudgha
Makhleb
Nemelex Xobeh
Okawaru
Qazlal
Ru
Sif Muna
Trog
Uskayaw
Vehumet
Wu Jian
Xom
Yredelemnul
Zin
The Shining One
Beogh

Shops:
D:7 :   D:8 *


Message History

The orc sorcerer is engulfed in blazing flames.
The orc sorcerer explodes!
The fiery explosion engulfs the orc warrior.
The orc warrior explodes!
The fiery explosion engulfs the orc high priest.
The orc high priest is heavily wounded.
Beogh accepts your kill.
The fiery explosion engulfs the orc high priest.
The orc high priest is almost dead.
Beogh accepts your kill.
The orc high priest is engulfed in blazing flames.
The orc high priest explodes!
Beogh accepts your kill.
Beogh appreciates your killing of a heretic priest.
Your life force feels restored.
You hear a shout!
It was a potion of brilliance.
You feel clever all of a sudden.
You are engulfed in blazing flames.
You resist.
You die...

#÷.. ##....
§§.÷.. ##§§§÷..
##§§§§..§
#§§§§o÷ ##§§§#
#§§§# #@§§##
#§§§§###
##§§§§§#######
##§§§§§§....#
##.§§§§.o..####
###§§§....##.##
#.##...........
...............
..........)....


You could see an orc knight.

Vanquished Creatures
  Josephine (Orc:1)
  3 two-headed ogres (D:8)
  2 orc high priests (Orc:2)
  Pikel (D:4)
  4 orc knights (Orc:2)
  A deep elf mage (Orc:1)
  The ghost of Vidiiot the Ruffian, a novice DrWr of Cheibriados (D:8)
  3 orc sorcerers (Orc:2)
  A wraith (Orc:1)
  2 wyverns (D:8)
  A hungry ghost (D:9)
  A warg (Orc:2)
  Edmund (D:5)
  A water moccasin (D:9)
  An ice beast (D:9)
  Duvessa (D:5)
  2 black bears
  17 orc warriors
  A centaur (D:7)
  8 ogres
  A phantom (D:5)
  A big kobold (D:9)
  9 bullfrogs
  Dowan (D:5)
  5 scorpions
  9 killer bees
  3 howler monkeys (D:7)
  4 crimson imps
  A centaur zombie (D:7)
  A bullfrog zombie (D:6)
  3 hounds
  4 jellies
  3 orc priests
  2 gnoll shamans
  6 orc wizards
  2 bullfrog skeletons
  3 centaur skeletons
  An iguana (D:8)
  6 worker ants
  A killer bee zombie (D:4)
  A hound zombie (D:7)
  2 hound skeletons (D:5)
  A worker ant zombie (D:8)
  16 gnolls
  14 adders
  A shadow imp (D:9)
  An adder skeleton (D:8)
  2 worms
  A dart slug (D:1)
  4 leopard geckos
  32 orcs
  2 ball pythons
  6 bats
  6 giant cockroaches
  10 goblins
  11 hobgoblins
  10 jackals
  14 kobolds
  5 quokkas
  A ball python zombie (D:5)
  5 frilled lizards
  A jackal skeleton (D:4)
  A leopard gecko skeleton (D:7)
  2 quokka skeletons
  5 rats
273 creatures vanquished.

Vanquished Creatures (collateral kills)
  Nergalle (Orc:1)
  3 orc knights
  8 deep elf magi (Orc:1)
  2 orc sorcerers
  3 trolls
  3 wraiths (Orc:1)
  A warg (Orc:2)
  13 orc warriors
  6 ogres
  A bullfrog (D:9)
  7 orc priests
  8 orc wizards
  11 orcs
  A goblin (Orc:1)
68 creatures vanquished.

Vanquished Creatures (others)
  An orc knight (Orc:1)
  4 orc warriors
  Sigmund (D:5)
  2 orc priests (Orc:2)
  3 slaves
  A scorpion (D:4)
  A centaur zombie (D:5)
  4 orc wizards
  A worker ant (D:4)
  A gnoll (D:7)
  An ooze (D:4)
  An adder skeleton (D:4)
  31 orcs
52 creatures vanquished.

Grand Total: 393 creatures vanquished

Notes
Turn   | Place    | Note
-------+----------+-------------------------------------------
     0 | D:1      | KristoblXynda the Hill Orc Fighter began the quest for the Orb.
     0 | D:1      | Reached XP level 1. HP: 19/19 MP: 1/1
    37 | D:1      | Reached skill level 3 in Axes
    38 | D:1      | Reached XP level 2. HP: 22/26 MP: 2/2
   346 | D:1      | Reached skill level 4 in Axes
   429 | D:1      | Reached XP level 3. HP: 30/31 MP: 3/3
  1175 | D:2      | Reached XP level 4. HP: 39/39 MP: 4/4
  1399 | D:2      | Reached skill level 5 in Axes
  1595 | D:3      | Noticed a bullfrog
  1599 | D:3      | Killed a bullfrog
  1599 | D:3      | Reached XP level 5. HP: 38/45 MP: 5/5
  2111 | D:3      | Reached skill level 6 in Axes
  2177 | D:4      | Noticed a slave
  2178 | D:4      | Noticed Pikel
  2261 | D:4      | Noticed an ogre
  2939 | D:4      | Killed an ogre
  2939 | D:4      | Reached skill level 7 in Axes
  2939 | D:4      | Reached XP level 6. HP: 17/51 MP: 6/6
  3262 | D:4      | Reached skill level 5 in Armour
  3413 | D:4      | Noticed a slave
  3433 | D:4      | Noticed a slave
  3455 | D:4      | Killed Pikel
  3455 | D:4      | Reached skill level 9 in Axes
  3455 | D:4      | Reached XP level 7. HP: 30/57 MP: 7/7
  3761 | D:4      | Reached XP level 8. HP: 30/64 MP: 8/8
  4396 | D:5      | Entered Level 5 of the Dungeon
  4481 | D:5      | Noticed Edmund
  4504 | D:5      | Killed Edmund
  4504 | D:5      | Reached skill level 1 in Throwing
  4757 | D:5      | Reached skill level 10 in Axes
  5014 | D:5      | Noticed Duvessa
  5015 | D:5      | Noticed Dowan
  5032 | D:5      | Killed Duvessa
  5032 | D:5      | Killed Dowan
  5228 | D:5      | Became a worshipper of Beogh the Brigand
  5232 | D:5      | Noticed Sigmund
  5241 | D:5      | Killed Sigmund
  5249 | D:5      | Found a staircase to the Ecumenical Temple.
  5270 | Temple   | Entered the Ecumenical Temple
  5636 | D:5      | Reached skill level 5 in Fighting
  5691 | D:5      | Reached XP level 9. HP: 70/74 MP: 9/9
  6735 | D:6      | Reached skill level 5 in Shields
  7053 | D:7      | Found an ornate altar of the Wu Jian Council.
  7206 | D:7      | Reached skill level 1 in Invocations
  7599 | D:7      | Reached * piety under Beogh
  8002 | D:7      | Found Taprab's Book Shop.
  8171 | D:7      | Reached XP level 10. HP: 81/81 MP: 12/12
  8313 | D:7      | Found a glowing golden altar of the Shining One.
  8360 | D:7      | Found a stormy altar of Qazlal.
  8360 | D:7      | Found an iron altar of Okawaru.
  8362 | D:7      | Found an ornate altar of the Wu Jian Council.
  8580 | D:8      | Reached ** piety under Beogh
  8867 | D:8      | Found Zin's Purification Station.
  8870 | D:8      | Found a glowing silver altar of Zin.
  8892 | D:8      | Reached skill level 5 in Invocations
  8994 | D:8      | Noticed a two-headed ogre
  9006 | D:8      | Killed a two-headed ogre
  9618 | D:8      | Noticed a two-headed ogre
  9626 | D:8      | Killed a two-headed ogre
  9626 | D:8      | Reached skill level 10 in Armour
  9812 | D:8      | Noticed a two-headed ogre
  9818 | D:8      | Killed a two-headed ogre
  9892 | D:8      | Noticed Vidiiot's ghost (novice DrWr)
 10007 | D:8      | Killed Vidiiot's ghost
 10007 | D:8      | Reached XP level 11. HP: 88/88 MP: 16/16
 10870 | D:9      | Reached *** piety under Beogh
 11011 | D:9      | Found a roughly hewn altar of Beogh.
 11011 | D:9      | Found a staircase to the Orcish Mines.
 11794 | Orc:1    | Entered Level 1 of the Orcish Mines
 11812 | Orc:1    | Found a flagged portal.
 11823 | Bailey   | Entered a bailey
 12690 | Bailey   | Noticed an orc knight
 12698 | Bailey   | HP: 3/88 [orc warrior/spear (9)]
 12700 | Bailey   | Killed an orc knight
 13119 | Orc:1    | Reached **** piety under Beogh
 13171 | Orc:1    | Noticed Josephine
 13178 | Orc:1    | Killed Josephine
 13178 | Orc:1    | Reached skill level 11 in Axes
 13182 | Orc:1    | Noticed a deep elf mage
 13183 | Orc:1    | Noticed a deep elf mage
 13190 | Orc:1    | Killed a deep elf mage
 13195 | Orc:1    | Noticed a deep elf mage
 13199 | Orc:1    | Killed a deep elf mage
 13199 | Orc:1    | Reached skill level 10 in Shields
 13204 | Orc:1    | Killed a deep elf mage
 13260 | Orc:1    | Noticed a deep elf mage
 13260 | Orc:1    | Noticed a deep elf mage
 13260 | Orc:1    | Noticed a deep elf mage
 13262 | Orc:1    | Noticed a deep elf mage
 13262 | Orc:1    | Noticed a deep elf mage
 13262 | Orc:1    | Noticed a deep elf mage
 13271 | Orc:1    | Killed a deep elf mage
 13271 | Orc:1    | Reached skill level 10 in Invocations
 13276 | Orc:1    | Killed a deep elf mage
 13277 | Orc:1    | Killed a deep elf mage
 13278 | Orc:1    | Noticed a soul eater
 13286 | Orc:1    | Killed a deep elf mage
 13287 | Orc:1    | Killed a deep elf mage
 13287 | Orc:1    | Killed a deep elf mage
 13539 | Orc:1    | Reached XP level 12. HP: 83/94 MP: 19/19
 13668 | Orc:1    | Found a shimmering altar of Xom.
 13703 | Orc:1    | Reached skill level 12 in Axes
 13994 | Orc:1    | Noticed Nergalle
 14000 | Orc:1    | Killed Nergalle
 14000 | Orc:1    | Reached skill level 1 in Evocations
 14153 | Orc:2    | Entered Level 2 of the Orcish Mines
 14412 | Orc:2    | Found a roughly hewn altar of Beogh.
 14542 | Orc:2    | Reached skill level 1 in Dodging
 14583 | Orc:2    | Gained Herok as an ally
 14586 | Orc:2    | Noticed an orc high priest
 14592 | Orc:2    | Noticed an orc high priest
 14593 | Orc:2    | Noticed an orc high priest
 14599 | Orc:2    | Was placed under penance by Beogh
 14599 | Orc:2    | Your ally Herok died
 14599 | Orc:2    | Killed an orc knight
 14599 | Orc:2    | Killed an orc high priest
 14599 | Orc:2    | HP: 4/96 [/bolt of negative energy (1)]
 14599 | Orc:2    | Killed an orc high priest
 14600 | Orc:2    | Engulfed by a cloud of flame

Vault maps used:
D:1:      dpeg_arrival_shrine, minmay_crystal_room, minmay_cut_off
D:2:      first_bread, kennysheep_flooded_box
D:4:      uniq_pikel
D:5:      minmay_temple_entry_butterflies, uniq_duvessa, uniq_edmund,
          uniq_sigmund
D:7:      grunt_temple_overflow_open, basic_altar, serial_shops, shop,
          minivault_24, grunt_ogre_cave, nicolae_tso_swordbearing_angel
D:8:      zin_purify
D:9:      david_orc_5
Temple:   dpeg_five_rooms_temple
Orc:1:    basic_altar, enter_bailey_3, nicolae_orc_bridge_out,
          elves_outpost_lemuel, uniq_nergalle, uniq_josephine
Orc:2:    grunt_orc_tribal_feast, basic_altar, uniq_snorg
Bailey:   bailey_polearm_2, bailey

Skill      XL: |  1  2  3  4  5  6  7  8  9 10 11 12 |
---------------+-------------------------------------+-----
Axes           | 3 4 5 7 9 10 11 12 | 12.0
Armour         | 4 6 7 9 10 11 | 11.0
Throwing       | 3 4 |  4.2
Fighting       | 5 6 |  6.2
Shields        | 4 6 8 10 11 | 11.5
Invocations    | 3 7 10 | 10.7
Evocations     | 3 |  3.7
Dodging        | 2 |  2.5

Action                   |  1- 3 |  4- 6 |  7- 9 | 10-12 || total
-------------------------+-------+-------+-------+-------++-------
Melee: War axe           |   121 |   135 |   411 |   531 ||  1198
       Unarmed           |       |       |    11 |       ||    11
Throw: Javelin           |     6 |     1 |     1 |     8 ||    16
Invok: Convert to Beogh  |       |       |     1 |       ||     1
       Recall Orcish Fol |       |       |       |     1 ||     1
 Abil: Evoke Berserk Rag |       |       |     2 |       ||     2
Evoke: Wand              |       |     2 |     3 |    10 ||    15
  Use: Scroll            |       |    14 |     6 |    11 ||    31
       Potion            |       |     3 |     8 |     8 ||    19
 Stab: Paralysed         |       |     4 |       |       ||     4
       Distracted        |       |       |       |     2 ||     2
  Eat: Chunk             |     1 |     3 |     9 |     2 ||    15
       Royal jelly       |       |     1 |     2 |     1 ||     4
       Meat ration       |       |     1 |       |     3 ||     4
       Fruit             |       |       |     2 |     7 ||     9
Armor: Scale mail        |    71 |    22 |       |       ||    93
       Ring mail         |       |    35 |    46 |       ||    81
       Chain mail        |       |       |   125 |   224 ||   349
       Skin              |       |       |     6 |       ||     6
Dodge: Dodged            |    50 |    41 |   153 |   116 ||   360
Block: Shield            |    74 |    69 |   209 |   332 ||   684

Table legend:
 A = Spawn XP
 B = Non-spawn XP
 C = Spawn XP percentage of total XP
 D = Spawn monster count
 E = Non-spawn monster count
 F = Spawn count percentage of total count
 G = Total turns spent on level
                    A         B        C        D         E        F      G
               +---------+---------+-------+---------+---------+-------+---------
         Total |    6203 |   20084 |  23.6 |      61 |     265 |  18.7 | 14600
               +---------+---------+-------+---------+---------+-------+---------
           D:1 |       2 |      43 |   4.4 |       1 |      23 |   4.2 |   632
           D:2 |      21 |      38 |  35.6 |       5 |      21 |  19.2 |   883
           D:3 |      19 |      92 |  17.1 |       5 |       4 |  55.6 |  1165
           D:4 |      26 |     994 |   2.5 |       2 |      19 |   9.5 |  1716
           D:5 |     308 |     979 |  23.9 |       6 |      20 |  23.1 |  1355
           D:6 |     321 |     522 |  38.1 |       9 |      14 |  39.1 |  1064
           D:7 |     188 |    1282 |  12.8 |       9 |      26 |  25.7 |  1408
           D:8 |    3594 |     804 |  81.7 |       9 |      20 |  31.0 |  1673
           D:9 |     505 |    1938 |  20.7 |       7 |      35 |  16.7 |  1660
         Orc:1 |    1149 |    6296 |  15.4 |       7 |      29 |  19.4 |  1130
         Orc:2 |      70 |    5918 |   1.2 |       1 |      38 |   2.6 |   447
        Bailey |       0 |    1178 |   0.0 |       0 |      16 |   0.0 |  1229
               +---------+---------+-------+---------+---------+-------+---------
